 Dungeon Crawl Stone Soup version 0.22-a0-858-g985ef60 (webtiles) character file.

732 inc the Conjurer (level 7, -6/59 HPs)
             Began as an Ogre Fire Elementalist on July 27, 2018.
             Was an Initiate of Ashenzari.
             Mangled by Grinder (7 damage)
             ... on level 6 of the Dungeon.
             The game lasted 00:09:30 (5270 turns).

inc the Conjurer (Ogre Fire Elementalist)           Turns: 5270, Time: 00:09:31

Health: -6/59      AC:  6    Str: 18    XL:     7   Next: 73%
Magic:  22/22      EV: 10    Int: 18    God:    Ashenzari [......]
Gold:   233        SH:  0    Dex:  9    Spells: 7/15 levels left

rFire    . . .     SeeInvis .   A - +0 giant club (curse)
rCold    . . .     Gourm    .   (shield currently unavailable)
rNeg     . . .     Faith    .   a - +0 robe
rPois    +         Spirit   .   t - +2 hat
rElec    .         Reflect  .   e - +0 cloak
rCorr    .         Harm     .   (gloves unavailable)
MR       .....                  (boots unavailable)
Stlth    +.........             (no amulet)
HPRegen  0.19/turn              E - ring of magical power (curse)
MPRegen  0.18/turn              o - ring of poison resistance (curse)

@: mighty
A: large, unfitting armour, tough skin 1
a: Curse Item, Renounce Religion


You were on level 6 of the Dungeon.
You worshipped Ashenzari.
Ashenzari was noncommittal.
You were not hungry.

You visited 2 branches of the dungeon, and saw 7 of its levels.

You collected 233 gold pieces.

Inventory:

Hand Weapons
 b - a +0 short sword
 y - a +0 morningstar
 A - a cursed +0 giant club (weapon)
Armour
 a - a +0 robe (worn)
 e - a +0 cloak (worn)
 t - a +2 hat (worn)
Jewellery
 o - a cursed ring of poison resistance (right hand)
 s - a +3 ring of dexterity
 u - an uncursed amulet of magic regeneration
 w - an uncursed ring of resist corrosion
 z - an uncursed ring of protection from fire
 C - a +3 ring of dexterity
 E - a cursed ring of magical power (left hand)
Wands
 B - a wand of digging (9)
Scrolls
 n - 3 scrolls of magic mapping {unknown}
 p - 2 scrolls of fear {unknown}
 F - a scroll of enchant weapon {unknown}
Potions
 d - 2 potions of might
 f - 2 potions of brilliance
 g - a potion of invisibility {unknown}
 i - 2 potions of agility
 j - 2 potions of curing
 m - a potion of ambrosia {unknown}
 r - 2 potions of flight
 x - a potion of haste {unknown}
Comestibles
 c - 5 rations


   Skills:
 - Level 1.7 Dodging
 - Level 1.4 Stealth
 + Level 4.6 Spellcasting
 + Level 5.2 Conjurations
 + Level 5.0 Fire Magic


You had 7 spell levels left.
You knew the following spells:

 Your Spells              Type           Power        Failure   Level  Hunger
a - Flame Tongue          Conj/Fire      ###..        1%          1    None
b - Conjure Flame         Conj/Fire      ###.....     4%          3    ###....
c - Sticky Flame          Conj/Fire      ###.....     17%         4    ####...

Your spell library contained the following spells:

 Spells                   Type           Power        Failure   Level  Hunger
 Fireball                 Conj/Fire      ###.......   43%         5    ######.
 Throw Flame              Conj/Fire      ###...       2%          2    #......
 Inner Flame              Hex/Fire       ##......     14%         3    ###....


Dungeon Overview and Level Annotations

Branches:
Dungeon (6/15)             Temple (1/1) D:5

Altars:
Ashenzari
Elyvilon
Fedhas
Gozag
Hepliaklqana
Kikubaaqudgha
Nemelex Xobeh
Ru
Uskayaw
Wu Jian
Xom
Yredelemnul
The Shining One

Shops:
D:5 =

Annotations:
D:6 Grinder


Innate Abilities, Weirdness & Mutations

You are too large for most types of armour.
You have tough skin. (AC +1)


Message History

Grinder gestures at you. Pain shoots through your body!
The centaur hits you but does no damage.
Grinder blinks!
You hit the centaur.
The centaur is moderately wounded.
The centaur barely misses you. The centaur hits you!
The centaur barely misses you.
You barely miss the centaur.
The centaur is moderately wounded.
The centaur hits you!
* * * LOW HITPOINT WARNING * * *
The centaur hits you!
* * * LOW HITPOINT WARNING * * *
You closely miss Grinder. The centaur hits you.
* * * LOW HITPOINT WARNING * * *
The centaur hits you.
* * * LOW HITPOINT WARNING * * *
Grinder hits you!
You die...

#### #..#######
...(....)
#######..!.....
#......@†......
......c5.....##
........##.###
.#..._..# ..
##.....# ..+
#.....# .+
####### +


You could see Grinder and a centaur.

Vanquished Creatures
  Prince Ribbit (D:5)
  An ogre (D:4)
  A bullfrog (D:2)
  A scorpion (D:5)
  A howler monkey (D:4)
  A hound (D:6)
  A bullfrog skeleton (D:4)
  A centaur skeleton (D:4)
  Jessica (D:2)
  Terence (D:3)
  9 adders
  2 oozes
  An adder skeleton (D:4)
  A worm (D:2)
  2 orcs
  3 giant cockroaches
  10 goblins
  11 hobgoblins
  9 jackals
  A quokka (D:4)
  A ball python (D:2)
  7 bats
  3 frilled lizards
  A jackal skeleton (D:4)
  11 kobolds
  5 rats
87 creatures vanquished.

Notes
Turn   | Place    | Note
-------+----------+-------------------------------------------
     0 | D:1      | inc the Ogre Fire Elementalist began the quest for the Orb.
     0 | D:1      | Reached XP level 1. HP: 16/16 MP: 3/3
    12 | D:1      | Reached skill level 1 in Conjurations
   314 | D:1      | Reached XP level 2. HP: 22/24 MP: 1/5
   665 | D:1      | Reached XP level 3. HP: 16/31 MP: 3/6
  1434 | D:2      | Noticed Jessica
  1510 | D:2      | Killed Jessica
  1510 | D:2      | Reached XP level 4. HP: 39/39 MP: 5/7
  1986 | D:2      | Noticed a bullfrog
  1995 | D:2      | Killed a bullfrog
  1995 | D:2      | Reached XP level 5. HP: 24/45 MP: 0/8
  2405 | D:3      | Noticed Terence
  2499 | D:2      | Learned a level 3 spell: Conjure Flame
  2504 | D:2      | Learned a level 4 spell: Sticky Flame
  2729 | D:3      | Killed Terence
  3118 | D:3      | Reached XP level 6. HP: 49/53 MP: 3/10
  4181 | D:5      | Entered Level 5 of the Dungeon
  4192 | D:5      | Found Pufilul's Jewellery Boutique.
  4263 | D:5      | Reached XP level 7. HP: 56/59 MP: 7/12
  4555 | D:5      | Noticed Prince Ribbit
  4561 | D:5      | Killed Prince Ribbit
  4561 | D:5      | Reached skill level 5 in Conjurations
  4685 | D:5      | Found a staircase to the Ecumenical Temple.
  4804 | Temple   | Entered the Ecumenical Temple
  4994 | Temple   | Became a worshipper of Ashenzari the Shackled
  5214 | D:6      | Found an ancient bone altar of Kikubaaqudgha.
  5214 | D:6      | Noticed Grinder
  5215 | D:6      | Reached skill level 5 in Fire Magic
  5270 | D:6      | HP: 1/59 [centaur (5)]
  5270 | D:6      | Mangled by Grinder

Vault maps used:
D:1:      dpeg_arrival_rooms_b, st_stairs_11, wad_floor_pattern_2,
          hangedman_decor_diamond_cutter, minivault_4
D:2:      uniq_jessica
D:3:      grunt_ministairs_9, chequers_big_river, uniq_terence
D:5:      minmay_temple_entry_enclosed_plants, serial_shops,
          kennysheep_little_box, first_ration, uniq_prince_ribbit1
D:6:      minitemple, slow_altar_2, enter_ossuary_2, basic_altar,
          portal_sewer_entry_d, uniq_grinder
Temple:   dshaligram_water_room_temple

Skill      XL: |  1  2  3  4  5  6  7 |
---------------+----------------------+-----
Conjurations   | 1 2 3 4 5 |  5.2
Fire Magic     | 3 4 5 |  5.0
Spellcasting   | 3 4 |  4.6
Dodging        | |  1.7
Stealth        | |  1.4

Action                   |  1- 3 |  4- 6 |  7- 9 || total
-------------------------+-------+-------+-------++-------
Melee: Short sword       |    63 |    11 |       ||    74
       Unarmed           |     2 |       |       ||     2
       Morningstar       |       |     7 |     1 ||     8
       Giant club        |       |       |     5 ||     5
 Cast: Flame Tongue      |    45 |    97 |    29 ||   171
       Sticky Flame      |       |     3 |     1 ||     4
       Conjure Flame     |       |     1 |       ||     1
Invok: Curse Item        |       |       |     3 ||     3
  Use: Scroll            |       |     1 |     9 ||    10
       Potion            |       |       |     3 ||     3
 Stab: Sleeping          |       |     1 |       ||     1
  Eat: Chunk             |     2 |     9 |     1 ||    12
       Ration            |       |       |     1 ||     1
Armor: Robe              |    42 |    23 |    10 ||    75
Dodge: Dodged            |    64 |    38 |    15 ||   117

Table legend:
 A = Spawn XP
 B = Non-spawn XP
 C = Spawn XP percentage of total XP
 D = Spawn monster count
 E = Non-spawn monster count
 F = Spawn count percentage of total count
 G = Total turns spent on level
                    A         B        C        D         E        F      G
               +---------+---------+-------+---------+---------+-------+---------
         Total |       0 |    1046 |   0.0 |       0 |      87 |   0.0 |  5270
               +---------+---------+-------+---------+---------+-------+---------
           D:1 |       0 |      50 |   0.0 |       0 |      27 |   0.0 |  1277
           D:2 |       0 |     192 |   0.0 |       0 |      26 |   0.0 |  1197
           D:3 |       0 |      82 |   0.0 |       0 |      14 |   0.0 |   979
           D:4 |       0 |     272 |   0.0 |       0 |       9 |   0.0 |   728
           D:5 |       0 |     392 |   0.0 |       0 |       9 |   0.0 |   758
           D:6 |       0 |      58 |   0.0 |       0 |       2 |   0.0 |    21
               +---------+---------+-------+---------+---------+-------+---------
